[ AOE2 MATCH · #505524875 ]
UnrankedCelts vs Aztecs
Player's team · LOSS
Rival team · WIN
[ REPLAY ANALYSIS · EXTRACTED FROM THE RECORDED GAME ]
Feudal
8:50
Castle
21:52
Imperial
—
| APM avg | 89.0 |
| APM peak | 133 |
| eAPM avg | 50.4 |
| Villagers / military | 105 / 186 |
Focus
⚔️ 70.5% · 🌾 29.5%
Archer ×150 · Skirmisher ×21 · Mangonel ×9 · Militia ×5 · Battering Ram ×1
Feudal
10:31
Castle
23:47
Imperial
—
| APM avg | 66.8 |
| APM peak | 89 |
| eAPM avg | 33.4 |
| Villagers / military | 103 / 191 |
Focus
⚔️ 49.4% · 🌾 50.6%
Eagle Scout ×140 · Skirmisher ×16 · Mangonel ×11 · Militia ×9 · Scorpion ×9 · Archer ×4
Match map
Initial resources + every placement click. Lines = walls · curves = elevation contours. ◆ gold · ⬟ stone · ● berries · ✦ relic · ◌ wall gap
Your base· Open — unwalled flank
TAG_MbL_'s base· Open — 6t gap
Smoothed initial terrain · ◌ = detected wall gap · hover for details
Inputs per minute
— wR.Prisma - - TAG_MbL_
Build order — wR.Prisma
First 150 of 435 actions detected
| 0:00 | Create | Villager (Male) |
| 0:02 | Build | House |
| 0:02 | Build | House |
| 0:10 | Create | Villager (Male) |
| 0:21 | Create | Villager (Male) |
| 0:21 | Create | Villager (Male) |
| 1:11 | Create | Villager (Male) |
| 1:43 | Create | Villager (Male) |
| 2:14 | Build | Lumber Camp |
| 2:22 | Create | Villager (Male) |
| 2:31 | Create | Villager (Male) |
| 3:05 | Create | Villager (Male) |
| 3:33 | Create | Villager (Male) |
| 3:42 | Create | Villager (Male) |
| 3:51 | Build | House |
| 4:01 | Create | Villager (Male) |
| 4:50 | Create | Villager (Male) |
| 4:52 | Build | Barracks |
| 5:04 | Create | Villager (Male) |
| 5:09 | Create | Villager (Male) |
| 5:18 | Create | Villager (Male) |
| 5:25 | Create | Villager (Male) |
| 5:37 | Build | House |
| 5:40 | Create | Villager (Male) |
| 6:11 | Research | Loom |
| 6:11 | Research | Loom |
| 6:38 | Research | Feudal Age |
| 6:38 | Research | Feudal Age |
| 7:01 | Create | Militia |
| 7:02 | Create | Militia |
| 7:09 | Build | Mining Camp |
| 7:20 | Create | Militia |
| 7:20 | Create | Militia |
| 7:55 | Create | Militia |
| 8:00 | Create | Villager (Male) |
| 8:04 | Build | House |
| 8:25 | Create | Villager (Male) |
| 8:44 | Create | Villager (Male) |
| 8:50 | Age | Feudal Age |
| 8:53 | Build | Archery Range |
| 8:55 | Research | Man-at-Arms (upgrade) |
| 9:07 | Create | Villager (Male) |
| 9:24 | Build | Mill |
| 9:33 | Create | Villager (Male) |
| 9:41 | Create | Villager (Male) |
| 9:50 | Build | Palisade Wall |
| 9:53 | Build | Palisade Wall |
| 9:54 | Build | Palisade Wall |
| 10:02 | Build | Palisade Wall |
| 10:03 | Build | Palisade Wall |
| 10:06 | Create | Archer |
| 10:06 | Create | Archer |
| 10:07 | Create | Villager (Male) |
| 10:11 | Build | Palisade Wall |
| 10:24 | Build | Palisade Wall |
| 10:27 | Build | Palisade Wall |
| 10:31 | Build | Palisade Gate |
| 10:35 | Create | Archer |
| 10:42 | Create | Villager (Male) |
| 10:47 | Build | Palisade Gate |
| 10:52 | Build | Palisade Wall |
| 10:54 | Create | Archer |
| 10:55 | Create | Villager (Male) |
| 10:56 | Create | Villager (Male) |
| 11:16 | Research | Double-Bit Axe |
| 11:16 | Research | Double-Bit Axe |
| 11:48 | Build | House |
| 11:51 | Build | House |
| 12:00 | Create | Villager (Male) |
| 12:02 | Build | Archery Range |
| 12:11 | Build | Farm |
| 12:12 | Build | Farm |
| 12:14 | Create | Archer |
| 12:14 | Create | Archer |
| 12:15 | Create | Archer |
| 12:21 | Create | Villager (Male) |
| 12:27 | Create | Villager (Male) |
| 12:32 | Create | Archer |
| 12:36 | Build | Farm |
| 12:46 | Create | Archer |
| 13:01 | Create | Archer |
| 13:04 | Create | Villager (Male) |
| 13:06 | Build | House |
| 13:10 | Create | Villager (Male) |
| 13:22 | Create | Archer |
| 13:47 | Create | Villager (Male) |
| 13:49 | Build | Blacksmith |
| 13:59 | Create | Skirmisher |
| 14:00 | Create | Skirmisher |
| 14:01 | Create | Villager (Male) |
| 14:03 | Create | Villager (Male) |
| 14:13 | Create | Skirmisher |
| 14:24 | Create | Skirmisher |
| 14:25 | Create | Skirmisher |
| 14:33 | Research | Fletching |
| 14:33 | Research | Fletching |
| 14:34 | Build | House |
| 14:45 | Create | Skirmisher |
| 14:45 | Create | Skirmisher |
| 14:55 | Create | Skirmisher |
| 14:57 | Create | Villager (Male) |
| 15:03 | Create | Archer |
| 15:04 | Create | Archer |
| 15:07 | Build | House |
| 15:10 | Create | Villager (Male) |
| 15:11 | Build | Farm |
| 15:46 | Create | Archer |
| 15:50 | Create | Villager (Male) |
| 15:52 | Create | Villager (Male) |
| 15:56 | Create | Villager (Male) |
| 16:03 | Create | Villager (Male) |
| 16:09 | Build | Farm |
| 16:09 | Build | Farm |
| 16:16 | Create | Archer |
| 16:16 | Create | Archer |
| 16:20 | Build | House |
| 16:22 | Create | Archer |
| 16:22 | Create | Archer |
| 16:26 | Build | Farm |
| 16:27 | Build | Farm |
| 16:27 | Build | Farm |
| 16:33 | Create | Villager (Male) |
| 16:40 | Create | Villager (Male) |
| 16:42 | Build | Farm |
| 16:43 | Build | Farm |
| 16:52 | Create | Archer |
| 17:02 | Build | Farm |
| 17:10 | Build | Farm |
| 17:14 | Build | House |
| 17:15 | Build | House |
| 17:57 | Create | Villager (Male) |
| 17:58 | Build | Market |
| 17:59 | Create | Archer |
| 17:59 | Create | Archer |
| 18:12 | Create | Villager (Male) |
| 18:20 | Build | House |
| 18:21 | Build | Palisade Wall |
| 19:12 | Research | Castle Age |
| 19:20 | Research | Gold Mining |
| 19:34 | Create | Archer |
| 19:34 | Create | Archer |
| 19:37 | Create | Villager (Male) |
| 19:44 | Create | Skirmisher |
| 19:48 | Build | Lumber Camp |
| 19:50 | Create | Villager (Male) |
| 19:53 | Create | Skirmisher |
| 19:55 | Create | Villager (Male) |
| 20:00 | Build | Farm |
| 20:00 | Build | Farm |
| 20:03 | Create | Skirmisher |
Build order — TAG_MbL_
First 150 of 422 actions detected
| 0:00 | Create | Villager (Male) ×4 |
| 0:02 | Build | House |
| 0:02 | Build | House |
| 1:07 | Create | Villager (Male) |
| 1:41 | Create | Villager (Male) |
| 1:49 | Build | Lumber Camp |
| 2:20 | Create | Villager (Male) |
| 2:36 | Create | Villager (Male) |
| 2:58 | Create | Villager (Male) |
| 3:20 | Create | Villager (Male) |
| 3:23 | Build | House |
| 3:50 | Build | Palisade Wall |
| 3:55 | Create | Villager (Male) |
| 4:13 | Build | House |
| 4:18 | Create | Villager (Male) |
| 4:19 | Create | Villager (Male) |
| 4:54 | Create | Villager (Male) |
| 5:12 | Create | Villager (Male) |
| 5:14 | Create | Villager (Male) |
| 5:14 | Create | Villager (Male) |
| 5:18 | Build | Barracks |
| 5:32 | Create | Villager (Male) |
| 5:32 | Create | Villager (Male) |
| 5:37 | Build | House |
| 6:11 | Create | Villager (Male) |
| 6:14 | Create | Militia |
| 6:14 | Create | Militia |
| 6:15 | Create | Militia |
| 6:33 | Build | House |
| 7:05 | Create | Villager (Male) |
| 7:09 | Build | Mill |
| 7:40 | Create | Villager (Male) |
| 7:54 | Research | Loom |
| 8:16 | Research | Feudal Age |
| 8:26 | Build | Mining Camp |
| 8:37 | Create | Militia |
| 8:37 | Create | Militia |
| 8:37 | Create | Militia |
| 8:40 | Build | Palisade Wall |
| 8:50 | Build | Palisade Wall |
| 8:52 | Build | Palisade Wall |
| 9:05 | Create | Villager (Male) |
| 9:22 | Create | Villager (Male) |
| 9:25 | Build | Palisade Wall |
| 9:28 | Build | Palisade Wall |
| 9:32 | Build | Farm |
| 9:45 | Create | Villager (Male) |
| 9:54 | Build | House |
| 10:03 | Create | Militia |
| 10:31 | Age | Feudal Age |
| 10:38 | Research | Man-at-Arms (upgrade) |
| 10:38 | Research | Man-at-Arms (upgrade) |
| 10:41 | Build | Farm |
| 10:42 | Create | Villager (Male) |
| 10:55 | Create | Villager (Male) |
| 11:07 | Create | Villager (Male) |
| 11:15 | Create | Villager (Male) |
| 11:34 | Create | Villager (Male) |
| 11:38 | Create | Militia |
| 11:38 | Create | Militia |
| 12:14 | Create | Villager (Male) |
| 12:20 | Build | Archery Range |
| 12:37 | Create | Villager (Male) |
| 12:41 | Research | Double-Bit Axe |
| 12:41 | Research | Double-Bit Axe |
| 12:48 | Create | Eagle Scout |
| 12:48 | Create | Eagle Scout |
| 13:00 | Create | Skirmisher |
| 13:01 | Create | Skirmisher |
| 13:01 | Create | Skirmisher |
| 13:14 | Build | Farm |
| 13:18 | Build | Farm |
| 13:21 | Create | Villager (Male) |
| 13:26 | Create | Eagle Scout |
| 13:26 | Create | Eagle Scout |
| 13:46 | Create | Archer |
| 13:53 | Build | Farm |
| 13:57 | Create | Skirmisher |
| 14:13 | Create | Villager (Male) |
| 14:14 | Create | Eagle Scout |
| 14:15 | Create | Archer |
| 14:23 | Build | Blacksmith |
| 14:31 | Build | House |
| 14:35 | Build | Farm |
| 14:41 | Create | Villager (Male) |
| 14:43 | Build | House |
| 14:49 | Create | Skirmisher |
| 14:55 | Build | Watch Tower |
| 15:06 | Build | Farm |
| 15:09 | Build | Farm |
| 15:10 | Research | Fletching |
| 15:10 | Research | Fletching |
| 15:31 | Create | Villager (Male) |
| 15:49 | Create | Archer |
| 15:53 | Create | Eagle Scout |
| 15:55 | Build | House |
| 16:03 | Create | Skirmisher |
| 16:04 | Create | Skirmisher |
| 16:08 | Create | Villager (Male) |
| 16:08 | Create | Villager (Male) |
| 16:09 | Build | Farm |
| 16:12 | Build | Lumber Camp |
| 16:15 | Create | Skirmisher |
| 16:27 | Create | Villager (Male) |
| 16:31 | Build | Farm |
| 16:38 | Create | Skirmisher |
| 16:40 | Create | Eagle Scout |
| 16:41 | Create | Eagle Scout |
| 17:01 | Create | Villager (Male) |
| 17:03 | Build | Farm |
| 17:04 | Create | Villager (Male) |
| 17:09 | Create | Eagle Scout |
| 17:10 | Build | House |
| 17:13 | Create | Skirmisher |
| 17:36 | Build | Market |
| 17:39 | Research | Padded Archer Armor |
| 17:47 | Create | Eagle Scout |
| 17:53 | Create | Villager (Male) |
| 17:55 | Create | Skirmisher |
| 18:00 | Build | House |
| 18:05 | Create | Skirmisher |
| 18:27 | Create | Skirmisher |
| 18:35 | Research | Scale Mail Armor |
| 18:35 | Create | Villager (Male) |
| 18:40 | Create | Skirmisher |
| 18:42 | Build | House |
| 18:42 | Build | Farm |
| 18:43 | Create | Villager (Male) |
| 19:20 | Create | Villager (Male) |
| 19:30 | Create | Skirmisher |
| 19:41 | Create | Villager (Male) |
| 19:42 | Build | Farm |
| 19:43 | Create | Villager (Male) |
| 19:56 | Create | Skirmisher |
| 20:19 | Create | Archer |
| 20:21 | Build | House |
| 20:22 | Build | House |
| 20:25 | Build | Farm |
| 21:07 | Research | Castle Age |
| 21:33 | Create | Villager (Male) |
| 21:34 | Build | Farm |
| 21:34 | Build | Farm |
| 21:37 | Create | Villager (Male) |
| 21:42 | Create | Eagle Scout |
| 21:44 | Create | Villager (Male) |
| 21:46 | Build | Barracks |
| 21:47 | Create | Eagle Scout |
| 21:47 | Create | Eagle Scout |
| 22:17 | Research | Forging |
| 22:19 | Create | Eagle Scout |
Match timeline
| 3:50 | TAG_MbL_ · wall_segment Palisade Wall x1 |
| 4:52 | wR.Prisma · first_building Barracks |
| 5:18 | TAG_MbL_ · first_building Barracks |
| 8:40 | TAG_MbL_ · wall_segment Palisade Wall x5 |
| 8:50 | wR.Prisma · age_up feudal |
| 8:50 | TAG_MbL_ · wall_segment Palisade Wall x4 |
| 8:52 | TAG_MbL_ · wall_segment Palisade Wall x11 |
| 8:53 | wR.Prisma · first_building Archery Range |
| 9:25 | TAG_MbL_ · wall_segment Palisade Wall x1 |
| 9:28 | TAG_MbL_ · wall_segment Palisade Wall x1 |
| 9:50 | wR.Prisma · wall_segment Palisade Wall x1 |
| 9:53 | wR.Prisma · wall_segment Palisade Wall x1 |
| 9:54 | wR.Prisma · wall_segment Palisade Wall x1 |
| 10:02 | wR.Prisma · wall_segment Palisade Wall x1 |
| 10:03 | wR.Prisma · wall_segment Palisade Wall x1 |
| 10:11 | wR.Prisma · wall_segment Palisade Wall x1 |
| 10:24 | wR.Prisma · wall_segment Palisade Wall x1 |
| 10:27 | wR.Prisma · wall_segment Palisade Wall x1 |
| 10:31 | TAG_MbL_ · age_up feudal |
| 10:52 | wR.Prisma · wall_segment Palisade Wall x1 |
| 12:20 | TAG_MbL_ · first_building Archery Range |
| 18:21 | wR.Prisma · wall_segment Palisade Wall x1 |
| 19:11 | wR.Prisma · first_market_buy 100 food |
| 19:11 | wR.Prisma · first_market_sell 100 stone |
| 19:33 | TAG_MbL_ · first_market_sell 500 wood |
| 19:33 | TAG_MbL_ · first_market_buy 500 food |
| 21:52 | wR.Prisma · age_up castle |
| 22:53 | wR.Prisma · wall_segment Palisade Wall x1 |
| 22:54 | wR.Prisma · wall_segment Palisade Wall x1 |
| 22:56 | wR.Prisma · wall_segment Palisade Wall x1 |
| 23:01 | TAG_MbL_ · wall_segment Palisade Wall x1 |
| 23:02 | TAG_MbL_ · wall_segment Palisade Wall x1 |
| 23:47 | TAG_MbL_ · age_up castle |
| 24:05 | TAG_MbL_ · first_building Monastery |
| 24:46 | wR.Prisma · wall_segment Palisade Wall x1 |
| 24:46 | wR.Prisma · wall_segment Palisade Wall x1 |
| 24:47 | wR.Prisma · wall_segment Palisade Wall x1 |
| 25:23 | wR.Prisma · wall_segment Palisade Wall x1 |
| 25:23 | wR.Prisma · wall_segment Palisade Wall x1 |
| 25:24 | wR.Prisma · wall_segment Palisade Wall x1 |
| 25:30 | wR.Prisma · wall_segment Palisade Wall x1 |
| 25:34 | wR.Prisma · wall_segment Palisade Wall x1 |
| 25:35 | wR.Prisma · wall_segment Palisade Wall x1 |
| 26:00 | wR.Prisma · wall_segment Palisade Wall x1 |
| 26:15 | wR.Prisma · wall_segment Palisade Wall x9 |
| 27:00 | TAG_MbL_ · first_building Siege Workshop |
| 27:15 | TAG_MbL_ · wall_segment Palisade Wall x1 |
| 29:21 | wR.Prisma · first_building Siege Workshop |
| 33:51 | wR.Prisma · wall_segment Palisade Wall x6 |
| 38:43 | wR.Prisma · wall_segment Palisade Wall x1 |
| 43:01 | wR.Prisma · first_building Castle |
| 43:55 | wR.Prisma · resign |
[ AI ANALYSIS · 1 CREDIT ]
What really happened in this match?
Wolo.gg analyzes every decision: build order, eco, micro, common mistakes by bracket. Personalized analysis on WhatsApp or Discord in 30 seconds.
Civ guide
Celts
Perfil
Jugador #3176045